Workbook
Name otherfund: '[1]Other Funding Streams'!$A$4:$U$61

Sheet Instructions
A1: Guidance Notes for Three Year Budget Plan 2021-24
A3: Please read the notes below carefully to ensure you are completing the plan correctly.
A4: All budget lines reflect Consistent Financial Reporting (CFR) classifications.
A5: On the Three Year Plan tab, input data in the yellow coloured cells only.
A6: Notes tab: This is in 2 sections:
A7: Blue - for Funding/Income and Staff costs. Please include an explanation of any differences between the 2021-22 budget plan and the 'Projected Outturn or Year 2 or Year 3 - and quantify these differences. However these amounts will not pull through to the face of the Three Year Plan.
A8: Yellow - for non staff costs. Differences to the previous year should be explained and quantified. These WILL automatically update the relevant grey cells on the Three Year Plan sheet (see further detail below).
A9: Significant changes should be linked to the School Development plan or Asset Management Plan - include a reference ("SDP"; "AMP"; date of Governors meeting) in Column G.
A10: Future years can be based on either Y1 'Current Year' or Y1 'Projected Outturn' by using the purple drop-down box (cell D3). The recommended option is 'Projected Outturn', but Governors may wish to see the original budget rolled forward.
A11: Please remember to include the name of the school at the top of the plan.
A13: NOR | B13: Please include figures for the census relating to the budget plan (eg Oct 20 census for 2021/22 forecast Oct 21 census for 2022/23, etc) - main school figures in Row 5; Nursery and/or Referral Unit in Row 6.
A15: SCHOOLS WITH AN 'E' BUDGET
A16: The DfE views a school as a single entity (ie B and E budget combined). Any information held on eg the Benchmarking website will relate to both cost centres. You will need to decide whether to complete a 3 year plan for just the B budget, a combined B and E budget or 2 separate ones. It will depend on the size of the E budget and the impact on the financial position of the school. The Governor must know what figures they are reviewing.
A18: Prior Years 2019-20 and 2020-21
A19: We have included 2 prior years on the template as it is helpful for Governors to see historic trends. It is particularly useful this year as 2020/21 has been so unusual. Complete column D and F per 2019/20 and 2020/21 Final CFR report.
A21: 2021-22
A22: Complete column H per 2021/22 Annual Budget Plan.
A23: Column I 'Projected Outturn' does not need to be completed for the submitted 3 Year Plan. However, the 3 Year Plan should be used as a working document throughout the year and updated for any significant decisions/changes (eg in-year adjustments to funds). The 'Projected Outturn' column should be used to reflect these change - rationale and detail can be entered into the 'Notes' tab.
A25: Y1 PROJECTED OUTTURN AND YEARS 2 & 3
A26: GRANT FUNDING (rows 9 to 23)
A27: Funding figures for Years 2 and 3 should only change if pupil numbers change (known or realistic expectation). Do not include any inflation or other changes to funding as this is unknown.
A28: I01 Budget Share/Total Formula Allocation | B28: Row 10: use the 2021/22 Budget Notification spreadsheet to calculate any adjustments due to NOR changes for Years 2 and 3. Please include rationale for any adjustments in the 'Notes' tab.
A29: I01 Teachers Pay & Pension Grants | B29: Rows 13 & 14: The Teachers Pay and Pension Grants have been included in maintained schools' Budget Share for 2021-22 onwards. However, Nursery Schools and Nursery classes will still receive the grants separately in 2021-22.
A30: I03 High Needs Top-up | B30: Row 15: Should be estimated using information from Sarah Ward. Adjustments for Years 2 & 3 should be based on school's knowledge of existing pupils - and details included on the 'Notes' tab.
A31: I05 Pupil Premium | B31: Adjust for any changes in relevant pupil numbers (ie current £ per pupil x school estimate of pupil numbers). Please include details in the 'Notes' tab.
A32: I18A-C Coronavirus Grants | B32: Include the amounts known to date and corresponding costs (eg Coronavirus Catch-up Funding). Any future grants are likely to have corresponding costs and therefore will not inpact on the Year End figure.
A33: I18 PE Grant | B33: Please ensure that if the income is included, the relevant expenditure is known and can easily be cancelled and removed if the grant does NOT continue beyond Academic Year 2020-21.
A34: I18 UIFSM | B34: Please ensure that funding matches expenditure, unless there is a very good reason not to (details should be included on the 'Notes' tab.
A36: SELF-GENERATED INCOME (rows 25 to 32)
A37: Please include an explanation of any differences between the 20-21 budget plan and the 'Projected Outturn' or Year 2 or Year 3 columns.
A39: TOTAL REVENUE INCOME ("TRI")
A40: This is Total 'Grant Funding' plus Total 'Self-Generated Income'.
A42: EXPENDITURE (lines 35 to 61)
A43: STAFF COSTS | B43: Rows 36 to 43: The 3 year plan should include all increments and expected staff changes but no inflationary increase, unless you can afford it. Ensure Governor are aware of your methodology by including details in the 'Notes' tab.
A44: E01 to E07 | B44: Please use Bursar Support's Salary Spreadsheet to calculate employee costs: Totals are shown on the 'Salaries' tab of the tool (ensure the drop down box in A1 is set to 'TOTAL'); on the 'Year 2' and 'Year 3' tabs show the uplift % as 0%-2% (depending on what is affordable) (cells CD2, CD3 and CH2 for Year 2; cells CF2, CF3 and CJ2 for Year 3). Input the totals generated directly into the yellow cells on the face of the plan.
B45: The 'Notes' tab must be used to show detail of any significant changes year on year. These figures will NOT pull through automatically to the 3 Year Plan.
A46: E08-E11 Indirect Employee Cost | B46: Indirect Employee Costs are NOT generated by the Salary Commitment Tool. They will be automatically populated using 2021-22 expenditure plus any adjustments on the 'Notes' tab (as for Non-Staffing Costs below)
A47: NON-STAFFING COSTS | B47: Rows 45 to 59: Expenditure in Years 1-3 will be automatically populated using 2021-22 expenditure plus any adjustments on the 'Notes' tab ie:
B48: - 21/22 Projected Outturn = 21/22 Budget (Column H) plus 'Notes' tab Year 1 adjustments.
B49: - Year 2 is 2021/22 ('Current Year' if selected in the purple box D3, or 'Projected Outturn' if selected) plus 'Notes' tab Year 2 adjustments.
B50: - Year 3 is Year 2 plus 'Notes' tab Year 3 adjustments.
A52: SURPLUS/(DEFICIT) POSITION (rows 63 to 66)
A53: Row 63 | B53: Shows the brought forward position from the previous year - input for the beginning of 19/20 and then calculated automatically
A54: Row 64 | B54: In year balance (calculated automatically)
A55: Row 65 | B55: Shows the expected surplus (Schools may be used to calling this the "Contingency" for the current year) or deficit position at the year end (calculated automatically).
A57: STAFFING METRICS
A58: The Integrated Curriculum and Financial Planning methodology ("ICFP") includes 12 metrics that are useful for monitoring the financial resilience of a School's budget and 3 year plans. We have included some here that can be directly generated from the budget plan/CFR report.
A59: The metrics are a useful starting point for discussion and a tool to enable a school to ensure its financial resilience. It may be helpful to download historic data for the School from the Benchmarking Website and track the trend over the last 5 years.
A61: The following data is used for the metrics:
A62: "TRI" Total Revenue Income | B62: All the CFR "I" codes, ie Total Grant Funding + Total Self-Generated Income
A63: "TTC" Total Teaching Staff Costs | B63: E01 + E02 + E26 + any teaching staff costs included in another CFR code (eg an external head; language teachers under E28). Teaching staff costs includes non-classroom based teachers (eg leadership).
A64: "CSC" Curriculum Staff Costs | B64: E03, ie the costs of TAs and HLTAs.
A65: "NCSC" Non-Curriculum Staff Costs | B65: E04 + E05 + E06 + E07. Where services are externally contracted (eg cleaning, catering, etc), include the labour cost under NCSC.
A66: Total Staff Costs | B66: TTC + CSC + NCSC (ie E01 to E11 + E26). You could also make adjustments for staff costs included in cleaning, catering contracts, etc and any external teachers under E28. Or you may want to compare this to Total Staff Pay costs (ie E01 to E07 + E26). Ensure Governors are aware of how this has been calculated.
A67: Benchmarks
A68: Total Staff Costs | B68: Around 75% of TRI. Any higher, and the school may struggle to cover its fixed costs as well as invest in longer term resources, eg buildings, IT, etc. Cell will show Red if this is over 75%.
A69: Total Teaching Costs | B69: Primary Schools > 50% of TRI; Secondary Schools may find they spend slightly more. Cell will show Red if this is over 50%
A70: Curriculum Staff Costs | B70: Primary Schools > 15% of TRI; Secondary Schools > 12%. Cell will show Red if this is over 15%
A71: Non-Curriculum Staff Costs | B71: Around 7%. Cell will show in Red if this is over 7%.
A73: Governors Sign-off
A74: Please ensure that the plan is discussed by the Governors at FGB and signed off by the Chair of Governors (FGB Sign-off tab) before submitting a copy to Bursar Support by 31 May 2021

Sheet Three year plan
A1: THREE YEAR BUDGET PLAN 2021/24 | F1: SCHOOL: | G1: Holy Trinity Primary, S'dale | N1: Cost Centre: | O1: FAWB | S1: Appendix 1
A2: GREY CELLS CALCULATE AUTOMATICALLY (see notes) | H2: Current Budget
A3: INPUT DATA IN YELLOW COLOURED CELLS ONLY. | C3: Notes | D3: Prior Years | H3: Current Budget Year 1 | I3: ='Office use'!B3 -> Projected Outturn | L3: projected 9/10 | M3: current 9/10 | N3: ='Office use'!D3 -> Year 2 | P3: ='Office use'!F3 -> Year 3 | Q3: Year 4 2011/12 | R3: Year 4 2011/12 | S3: Year 5 20012/13
D4: 2019/20 | F4: 2020/21 | H4: 2021/22 | I4: 2021/22 | N4: 2022/23 | P4: 2023/24
A5: NOR - Main School (Oct 18/19/20/21/22 census) | H5: 236 | I5: 242 | N5: 242 | P5: 212
A6: NOR - Nursery/Referral Unit
A8: Income
A9: Grant Funding
A10: I01 | B10: Budget Share (Total Formula Allocatn) | D10: 1111074 | F10: 948649 | H10: 980210 | I10: 980210 | N10: 1000015 | P10: 900990
A11: I01 | B11: Early Years National Funding Formula
A12: I01 | B12: SEN Resource Unit Place Funding
A13: I01 | B13: Teachers Pay Grant | H13: 0 | I13: 0 | N13: 0 | P13: 0
A14: I01 | B14: Teachers Pension Grant | H14: 0 | I14: 0 | N14: 0 | P14: 0
A15: I03 | B15: High Needs Top-Up Funding | F15: 28634 | H15: 39761 | I15: 39761 | N15: 39761 | P15: 39761
A16: I05 | B16: Pupil Premium | F16: 38765 | H16: 33280 | I16: 33280 | N16: 33280 | P16: 33280
A17: I06 | B17: Other Grants
A18: I18A | B18: Coronavirus Job Retention Scheme
A19: I18B | B19: Coronavirus Exceptional Costs Fund
A20: I18C | B20: Coronavirus Catch-up Funding | F20: 11020 | H20: 7866 | I20: 7866
A21: I18D | B21: Primary PE and Sports Grant | F21: 18012 | H21: 18060 | I21: 18060 | N21: 18060 | P21: 18060
A22: I18D | B22: UIFSM | F22: 36997 | H22: 36997 | I22: 36997 | N22: 36997 | P22: 36997
B23: [Other]
A24: Total Grant Funding | D24: =SUM(D10:D23) -> 1111074 | F24: =SUM(F10:F23) -> 1082077 | H24: =SUM(H10:H23) -> 1116174 | I24: =SUM(I10:I23) -> 1116174 | N24: =SUM(N10:N23) -> 1128113 | P24: =SUM(P10:P23) -> 1029088 | Q24: =SUM(Q10:Q23) -> 0 | R24: =SUM(R10:R23) -> 0 | S24: =SUM(S10:S23) -> 0
A25: Self-Generated Income
A26: I08 | B26: Lettings, facilities and services | H26: 11086 | I26: 11086 | N26: 11086 | P26: 11086
A27: I09 | B27: Catering
A28: I10-11 | B28: Insurance Receipts
A29: I12 | B29: Contributions to Visits, etc | H29: 25000 | I29: 25000 | N29: 25000 | P29: 25000
A30: I13 | B30: Donations/Voluntary Funds | H30: 10000 | I30: 10000 | N30: 10000 | P30: 10000
B31: [Other] | F31: 27143 | I31: 4300
A32: Total Self-Generated Income | D32: =SUM(D26:D31) -> 0 | F32: =SUM(F26:F31) -> 27143 | H32: =SUM(H26:H31) -> 46086 | I32: =SUM(I26:I31) -> 50386 | N32: =SUM(N26:N31) -> 46086 | P32: =SUM(P26:P31) -> 46086
A33: Total Revenue Income ("TRI") | D33: =D24+D32 -> 1111074 | F33: =F24+F32 -> 1109220 | H33: =H24+H32 -> 1162260 | I33: =I24+I32 -> 1166560 | N33: =N24+N32 -> 1174199 | P33: =P24+P32 -> 1075174
A35: Expenditure
A36: E01 | B36: Teaching Staff | D36: 559399 | F36: 569356 | H36: 565015 | I36: 558431 | N36: 558431 | P36: 558431
A37: E02 | B37: Supply Staff | D37: 74 | F37: 4687 | H37: 7866 | I37: 7866 | N37: 7866 | P37: 7866
A38: E03 | B38: Support Staff | D38: 233982 | F38: 246560 | H38: 272741 | I38: 276030 | N38: 262833 | P38: 252925
A39: E04 | B39: Premises Staff | D39: 27268 | F39: 39041 | H39: 40202 | I39: 40202 | N39: 40202 | P39: 40202
A40: E05 | B40: Administration & Clerical Staff | D40: 49888 | F40: 51386 | H40: 51386 | I40: 51386 | N40: 51386 | P40: 51386
A41: E06-7 | B41: Other Staff | D41: 5465 | F41: 5476 | H41: 6115 | I41: 6115 | N41: 6115 | P41: 6115
A42: E08-11 | B42: Indirect Employee Costs | D42: 14964 | F42: 10054 | H42: 12840 | I42: =IF($H$2="current budget",0,H42+Notes!H63) -> 0 | N42: =IF($H$2="current budget",H42+Notes!I63,I42+Notes!I63) -> 12840 | P42: =N42+Notes!J63 -> 12840
A43: Total Staff Costs | D43: =SUM(D36:D42) -> 891040 | F43: =SUM(F36:F42) -> 926560 | H43: =SUM(H36:H42) -> 956165 | I43: =SUM(I36:I42) -> 940030 | N43: =SUM(N36:N42) -> 939673 | P43: =SUM(P36:P42) -> 929765 | Q43: =SUM(Q36:Q42) -> 0 | R43: =SUM(R36:R42) -> 0 | S43: =SUM(S36:S42) -> 0
A45: E12-18 | B45: Premises Related Costs (not E16) | D45: 36621 | F45: 24592 | H45: 29145 | I45: =IF($H$2="current budget",0,H45+Notes!H68) -> 0 | N45: =IF($H$2="current budget",H45+Notes!I68,I45+Notes!I68) -> 29145 | P45: =N45+Notes!J68 -> 29145
A46: E16 | B46: Energy costs | D46: 14346 | F46: 8944 | H46: 10100 | I46: =IF($H$2="current budget",0,H46+Notes!H74) -> 0 | N46: =IF($H$2="current budget",H46+Notes!I74,I46+Notes!I74) -> 10100 | P46: =N46+Notes!J74 -> 10100
A47: E19 | B47: Learning resources not ICT | D47: 60056 | F47: 26650 | H47: 44105 | I47: =IF($H$2="current budget",0,H47+Notes!H79) -> 0 | N47: =IF($H$2="current budget",H47+Notes!I79,I47+Notes!I79) -> 44105 | P47: =N47+Notes!J79 -> 44105
A48: E20 | B48: ICT Learning resources | D48: 13703 | F48: 28740 | H48: 20552 | I48: =IF($H$2="current budget",0,H48+Notes!H85) -> 0 | N48: =IF($H$2="current budget",H48+Notes!I85,I48+Notes!I85) -> 20552 | P48: =N48+Notes!J85 -> 20552
A49: E21-23 | B49: Other Supplies & Services | D49: 12181 | F49: 12129 | H49: 10652 | I49: =IF($H$2="current budget",0,H49+Notes!H91) -> 0 | N49: =IF($H$2="current budget",H49+Notes!I91,I49+Notes!I91) -> 10652 | P49: =N49+Notes!J91 -> 10652
A50: E24 | B50: Special facilities | I50: =IF($H$2="current budget",0,H50+Notes!H97) -> 0 | N50: =IF($H$2="current budget",H50+Notes!I97,I50+Notes!I97) -> 0 | P50: =N50+Notes!J97 -> 0
A51: E25 | B51: Catering Supplies | D51: 42923 | F51: 39719 | H51: 54053 | I51: =IF($H$2="current budget",0,H51+Notes!H103) -> 0 | N51: =IF($H$2="current budget",H51+Notes!I103,I51+Notes!I103) -> 54053 | P51: =N51+Notes!J103 -> 54053
A52: E26 | B52: Agency Supply Staff | I52: =IF($H$2="current budget",0,H52+Notes!H109) -> 0 | N52: =IF($H$2="current budget",H52+Notes!I109,I52+Notes!I109) -> 0 | P52: =N52+Notes!J109 -> 0
A53: E27-28 | B53: Bought in services | D53: 42241 | F53: 36095 | H53: 33279 | I53: =IF($H$2="current budget",0,H53+Notes!H115) -> 0 | N53: =IF($H$2="current budget",H53+Notes!I115,I53+Notes!I115) -> 33279 | P53: =N53+Notes!J115 -> 33279
A54: E29 | B54: Loan Interest | I54: =IF($H$2="current budget",0,H54+Notes!H121) -> 0 | N54: =IF($H$2="current budget",H54+Notes!I121,I54+Notes!I121) -> 0 | P54: =N54+Notes!J121 -> 0
A55: E30 | B55: Revenue contribution to Capital
A56: E31-32 | B56: Community focused staff and costs
N57: =IF($H$2="current budget",M57,L57) -> 0
N58: =IF($H$2="current budget",M58,L58) -> 0
A59: Total Non-Staffing Costs | D59: =SUM(D45:D58) -> 222071 | F59: =SUM(F45:F58) -> 176869 | H59: =SUM(H45:H58) -> 201886 | I59: =SUM(I45:I58) -> 0 | N59: =SUM(N45:N58) -> 201886 | P59: =SUM(P45:P58) -> 201886 | Q59: =SUM(Q45:Q55) -> 0 | R59: =SUM(R45:R55) -> 0 | S59: =SUM(S45:S55) -> 0
A61: Total Expenditure | D61: =SUM(D43+D59) -> 1113111 | F61: =SUM(F43+F59) -> 1103429 | H61: =SUM(H43+H59) -> 1158051 | I61: =SUM(I43+I59) -> 940030 | N61: =SUM(N43+N59) -> 1141559 | P61: =SUM(P43+P59) -> 1131651 | Q61: =SUM(Q43+Q59) -> 0 | R61: =SUM(R43+R59) -> 0 | S61: =SUM(S43+S59) -> 0
A63: Surplus / (Deficit) Position
A64: Surplus/(Deficit) b/f from Prior Year | F64: =D66 -> -2037 | H64: =F66 -> 3754 | I64: =F66 -> 3754 | N64: =IF(H2="Projected yr end", I66,H66) -> 7963 | P64: =N66 -> 40603
A65: In-Year Balance (TRI less Expenditure) | D65: =D33-D61 -> -2037 | F65: =F33-F61 -> 5791 | H65: =H33-H61 -> 4209 | I65: =I33-I61 -> 226530 | N65: =N33-N61 -> 32640 | P65: =P33-P61 -> -56477
A66: Surplus/(Deficit) at year end | D66: =SUM(D64:D65) -> -2037 | F66: =SUM(F64:F65) -> 3754 | H66: =SUM(H64:H65) -> 7963 | I66: =SUM(I64:I65) -> 230284 | N66: =SUM(N64:N65) -> 40603 | P66: =SUM(P64:P65) -> -15874
A68: Surplus/(Deficit) as % of Budget Share | D68: =D66/D10 -> -0.0018333612 | F68: =F66/F10 -> 0.0039572065 | H68: =H66/H10 -> 0.0081237694 | I68: =I66/I10 -> 0.23493333 | N68: =N66/N10 -> 0.040602391 | P68: =P66/P10 -> -0.017618398
A70: STAFFING METRICS (see 'Instructions' tab)
A71: TOTAL STAFF COSTS ** / TRI | D71: =(D43+D52)/D33 -> 0.80196279 | F71: =(F43+F52)/F33 -> 0.83532572 | H71: =(H43+H52)/H33 -> 0.82267737 | I71: =(I43+I52)/I33 -> 0.80581367 | N71: =(N43+N52)/N33 -> 0.80026725 | P71: =(P43+P52)/P33 -> 0.8647577
A73: TOTAL TEACHING COSTS ** / TRI | D73: =(D36+D37+D52)/D33 -> 0.50354252 | F73: =(F36+F37+F52)/F33 -> 0.51751952 | H73: =(H36+H37+H52)/H33 -> 0.49290262 | I73: =(I36+I37+I52)/I33 -> 0.48544181 | N73: =(N36+N37+N52)/N33 -> 0.48228367 | P73: =(P36+P37+P52)/P33 -> 0.52670265
A75: CURRICULUM SUPPORT STAFF COSTS (E03) / TRI | D75: =D38/D33 -> 0.21059083 | F75: =F38/F33 -> 0.22228232 | H75: =H38/H33 -> 0.23466436 | I75: =I38/I33 -> 0.23661878 | N75: =N38/N33 -> 0.22384025 | P75: =P38/P33 -> 0.23524099
A77: NON-CURRICULUM STAFF COSTS ** / TRI | D77: =(D39+D40+D41)/D33 -> 0.074361384 | F77: =(F39+F40+F41)/F33 -> 0.086459855 | H77: =(H39+H40+H41)/H33 -> 0.084062946 | I77: =(I39+I40+I41)/I33 -> 0.083753086 | N77: =(N39+N40+N41)/N33 -> 0.083208213 | P77: =(P39+P40+P41)/P33 -> 0.090871803
B79: Current Budget
B80: Projected yr end

Sheet App2
A2: Proposed Staffing Plan | C2: SCHOOL: ……………………………………………………… | I2: Appendix 2
H4: Year 4 2011/12 | I4: Year 5 2012/13
H5: FTE / Hours | I5: FTE / Hours
A22: The above plan has been agreed by the Governing Body of ………………………………….. School at its meeting on ………………..… (minutes attached)
A24: Signed …………………………………………. | E24: Date ……..…………….
A25: (Headteacher)

Sheet Notes
A1: ADJUSTMENTS IN YELLOW CELLS PULL THROUGH TO 3 YEAR PLAN
A2: BLUE CELLS ARE FOR NOTES TO EXPLAIN ANY DIFFERENCES TO 21/22 BUDGET. PLEASE QUANTIFY THESE IN COLUMNS H TO J (NB these will NOT pull through to the 3 Year Plan) | H2: ='Three year plan'!I4 -> 2021/22 | I2: ='Three year plan'!N4 -> 2022/23 | J2: ='Three year plan'!P4 -> 2023/24
G3: SDP/AMP reference | H3: ='Three year plan'!I3 -> Projected Outturn | I3: ='Three year plan'!N3 -> Year 2 | J3: ='Three year plan'!P3 -> Year 3
A5: GRANT FUNDING - NOTES | H5: =SUM(H6:H15) -> 0 | I5: =SUM(I6:I15) -> 0 | J5: =SUM(J6:J15) -> 0 | N5: Copy from Final School budget share spreadsheet. Cells I36 to O48.
A17: SELF-GENERATED INCOME - NOTES | H17: =SUM(H18:H23) -> 0 | I17: =SUM(I18:I23) -> 0 | J17: =SUM(J18:J23) -> 0 | N17: Copy from Final School budget share spreadsheet. Cells I36 to O48.
A25: STAFF COSTS
A26: Teaching Staff (E01) - NOTES | E26: 0 | F26: 0 | H26: =SUM(H27:H33) -> 0 | I26: =SUM(I27:I33) -> 0 | J26: =SUM(J27:J33) -> 0 | K26: 0
A34: Supply Staff (E02) - NOTES | E34: 0 | F34: 0 | H34: =SUM(H35:H38) -> 0 | I34: =SUM(I35:I38) -> 0 | J34: =SUM(J35:J38) -> 0 | K34: 0
A39: Support Staff (E03) - NOTES | E39: 0 | F39: 0 | H39: =SUM(H40:H43) -> 0 | I39: =SUM(I40:I43) -> 9908 | J39: =SUM(J40:J43) -> 19816 | K39: 0
A40: Less 6 Months SEN TA | I40: 9908
A41: Less full years SEN TA` | J41: 19816
A44: Premises Staff (E04) - NOTES | E44: 0 | F44: 0 | H44: =SUM(H45:H48) -> 0 | I44: =SUM(I45:I48) -> 0 | J44: =SUM(J45:J48) -> 0 | K44: 0
A49: Admin and clerical staff (E05) - NOTES | E49: 0 | F49: 0 | H49: =SUM(H50:H54) -> 0 | I49: =SUM(I50:I54) -> 0 | J49: =SUM(J50:J54) -> 0 | K49: 0 | L49: 2012/13
L50: 0
A55: Other Staff E06, E07) - NOTES | E55: 0 | F55: 0 | H55: =SUM(H56:H60) -> 0 | I55: =SUM(I56:I60) -> 0 | J55: =SUM(J56:J60) -> 0 | K55: 0 | L55: 0
A62: NB E08 - E28 will = current year budget unless any adjustments are shown here
A63: Indirect Employee Costs (E08-E11) | E63: 0 | F63: 0 | H63: =SUM(H64:H67) -> 0 | I63: =SUM(I64:I67) -> 0 | J63: =SUM(J64:J67) -> 0 | K63: 0 | L63: 0
A68: Premises Related Costs (E12, E13, E14, E15, E17, E18) | E68: 0 | F68: 0 | H68: =SUM(H69:H73) -> 0 | I68: =SUM(I69:I73) -> 0 | J68: =SUM(J69:J73) -> 0 | K68: 0 | L68: 0
A74: Energy Costs (E16) | H74: =SUM(H75:H78) -> 0 | I74: =SUM(I75:I78) -> 0 | J74: =SUM(J75:J78) -> 0
A79: Learning resources (E19) | H79: =SUM(H80:H84) -> 0 | I79: =SUM(I80:I84) -> 0 | J79: =SUM(J80:J84) -> 0
A85: ICT Learning resources (E20) | H85: =SUM(H86:H90) -> 0 | I85: =SUM(I86:I90) -> 0 | J85: =SUM(J86:J90) -> 0
A91: Other Supplies and Services (E21 to E23) | E91: 0 | F91: 0 | H91: =SUM(H92:H96) -> 0 | I91: =SUM(I92:I96) -> 0 | J91: =SUM(J92:J96) -> 0 | K91: 0 | L91: 0
A97: Special Facilities (E24) | H97: =SUM(H98:H102) -> 0 | I97: =SUM(I98:I102) -> 0 | J97: =SUM(J98:J102) -> 0
A103: Catering Supplies (E25) | H103: =SUM(H104:H108) -> 0 | I103: =SUM(I104:I108) -> 0 | J103: =SUM(J104:J108) -> 0
A109: Agency Supply Teaching Staff (E26) | H109: =SUM(H110:H114) -> 0 | I109: =SUM(I110:I114) -> 0 | J109: =SUM(J110:J114) -> 0
A115: Bought in Services (E27, E28) | E115: 0 | F115: 0 | H115: =SUM(H116:H120) -> 0 | I115: =SUM(I116:I120) -> 0 | J115: =SUM(J116:J120) -> 0 | K115: 0
L118: 0
A121: Loan Interest (E29) | E121: 0 | F121: 0 | H121: =SUM(H122:H126) -> 0 | I121: =SUM(I122:I126) -> 0 | J121: =SUM(J122:J126) -> 0 | K121: 0
L124: 0
L132: 2012/13
L133: =L50+L55+L63+L68+L91+L118+#REF!+#REF!+#REF!+L126 -> #REF!

Sheet Balances
A1: ANALYSIS OF BALANCES | D1: SCHOOL: | H1: Cost Centre:
A2: 2021-24
B3: £
A4: Balances at 1.4.21 | B4: ='Three year plan'!H64 -> 3754
A6: Uncommitted Balances | C6: Max: Secondary 5% of Budget Share; Primary 8% of Budget Share
A7: Committed Balances | C7: Should agree to Balance Control Mechanism submission
A9: Balances at 1.4.21 | B9: =SUM(B6:B8) -> 0
B10: =IF(B9=B4,"","ERROR") -> ERROR
E11: Costs in 2021-22 Budget Plan
A12: COMMITTED BALANCES | B12: At 1.4.21 | C12: SDP Reference | D12: Expected Yrs of project | E12: eg E19 | F12: eg E21 | G12: E | H12: E | I12: E | J12: c/f at 31.3.22
B13: £ | E13: £ | F13: £ | G13: £ | H13: £ | I13: £ | J13: £
A14: eg IT Project | J14: =B14-SUM(E14:I14) -> 0
A15: Library Project | J15: =B15-SUM(E15:I15) -> 0
A16: etc | J16: =B16-SUM(E16:I16) -> 0
J17: =B17-SUM(E17:I17) -> 0
J18: =B18-SUM(E18:I18) -> 0
J19: =B19-SUM(E19:I19) -> 0
J20: =B20-SUM(E20:I20) -> 0
J21: =B21-SUM(E21:I21) -> 0
J22: =B22-SUM(E22:I22) -> 0
J23: =B23-SUM(E23:I23) -> 0
J24: =B24-SUM(E24:I24) -> 0
J25: =B25-SUM(E25:I25) -> 0
J26: =B26-SUM(E26:I26) -> 0
J27: =B27-SUM(E27:I27) -> 0
J28: =B28-SUM(E28:I28) -> 0
... J30: =B30-SUM(E30:I30) -> 0
B32: =SUM(B14:B30) -> 0 | J32: =SUM(J14:J30) -> 0
B33: =IF(B32=B7,"","ERROR")
A34: Please refer to the DfE's Consistent Financial Reporting Framework for appropriate use of Committed Balances.
A35: Committed Balances should tie into the School Development Plan.
A36: This might include:
A37: Specific grants carried forward from one financial year to the next (particularly when they relate to an academic year) eg Pupil Premium, Coronavirus Catch-up Funding, etc
A38: A planned investment projects, eg IT investment, improvements to the site and buildings, etc. These projects should be specifically agreed in the School Development Plan and include a start date and expected time to completion
A39: Significant and known short-term changes to pupil numbers (eg Garrison changes)
A40: Staffing - only where there are specific short-term and one-off costs in response to needs identified by Ofsted or as a result of staff restructuring.

Sheet FGB Sign Off
C2: 2019/20 | E2: 2020/21 | G2: 2021/22 | I2: 2022/23 | K2: 2022/23
C3: £ | E3: £ | G3: £ | I3: £ | K3: £
A4: Surplus/(Deficit) at year end | C4: ='Three year plan'!D66 -> -2037 | E4: ='Three year plan'!F66 -> 3754 | G4: ='Three year plan'!H66 -> 7963 | I4: ='Three year plan'!N66 -> 40603 | K4: ='Three year plan'!P66 -> -15874
A7: The above plan has been agreed by the Governing Body of | F7: Holy Trinity | H7: School at its meeting on | K7: 8th July 2021
A8: (minutes attached)
A12: Signed (Headteacher): | H12: (Chair of Governors):
A13: Date: | H13: Date:
A16: School 3 Year Budget Plan to be returned to BST by 31 May 2021

Sheet Balances Calculator
A1: ='Office use'!A8 -> Balance Calculator for | D1: ='Office use'!A5 -> 2018-2021 | E1: ='Three year plan'!H3 -> Current Budget Year 1 | F1: ='Three year plan'!I3 -> Projected Outturn | G1: ='Three year plan'!N3 -> Year 2 | H1: ='Three year plan'!P3 -> Year 3
A3: Funds minus Expenditure less income. | E3: ='Three year plan'!#REF! -> #REF! | F3: ='Three year plan'!#REF! -> #REF! | G3: ='Three year plan'!#REF! -> #REF! | H3: ='Three year plan'!#REF! -> #REF!
A4: Committed funds
A5: Capital
A6: Staffing
A7: Other items
A10: Committed total | E10: =SUM(E5:E9) -> 0 | F10: =SUM(F5:F9) -> 0 | G10: =SUM(G5:G8) -> 0 | H10: =SUM(H5:H8) -> 0
A11: Uncommitted Surplus/ Balance | E11: =E3-E10 -> #REF! | F11: =F3-F10 -> #REF! | G11: =G3-G10 -> #REF! | H11: =H3-H10 -> #REF!

Sheet App 4
A1: Comments on Proposed Deficit Plan | H1: Appendix 4
A3: SCHOOL: | B3: ……………………………………………………………..
A5: School Adviser's Comments on Plan Proposals
A17: Signed | B17: …………………………………………….. | F17: Date | G17: ……………………..
A21: Education Finance Comments on Plan Proposals
A33: Signed | B33: ………………………………………………… | F33: Date | G33: …………………….
A39: Approved by:
A41: Signed | B41: …………………………………………………. | F41: Date | G41: ………………
A42: On behalf of the Director of Education
A44: Signed | B44: …………………………………………………. | F44: Date | G44: ………………
A45: On behalf of the Director of Finance
A47: Copies of approved plans to be retained by:
A48: Education Finance

Sheet Office use
A1: Three year Budget Plan | D1: =A5 -> 2018-2021
A3: Current Budget Year 1 | B3: Projected Outturn | C3: % increase | D3: Year 2 | E3: % increase | F3: Year 3
A5: 2018-2021
A6: 2018/19. | B6: 2019/20 | C6: 2020/21
A8: Balance Calculator for | D8: =A5 -> 2018-2021
A10: TOTAL FORMULA ALLOC AFTER DE-DELEGATION
A11: Pupil premium inc. LAC and service children
A12: SEN Resource Unit - Place funding
A13: EYNFF ind. bud.alloc.
A14: Post 16 Funding notified by EFA in March
A15: Planned Pupil Number Growth
A16: Surplus / (Deficit) Balance b/fwd ( final report)
A17: UIFSM Universal Infant Free Sch Meals Additions
A18: Other In-year additions (School estimates)
A19: UIFSM Univ Infant Free Sch Meals Deductions neg figs
A20: Other In-year deductions (School estimates) negative figs
A21: New Licensed Deficit Loan To Be applied for
A22: School 3 Year Budget Plan to be returned by Wednesday 18th July 2018.
